 Dungeon Crawl Stone Soup version 0.31-a0-267-g3fc6992b3b (webtiles) character file.

Game seed: 6330545921531816689

303 qw the Shooter (level 6, -8/35 HPs)
             Began as a Gargoyle Hexslinger on July 13, 2023.
             Mangled by an iguana (10 damage)
             ... on level 3 of the Dungeon.
             The game lasted 00:01:06 (2304 turns).

qw the Shooter (Gargoyle Hexslinger)                Turns: 2304, Time: 00:01:07

Health: -8/35      AC: 11    Str: 11    XL:     6   Next: 38%
Magic:  7/7        EV: 11    Int: 14    God:
Gold:   172        SH:  0    Dex: 20    Spells: 6/7 levels left

rFire   . . .        Y - +1 sling
rCold   . . .        (no shield)
rNeg    + . .        a - +0 ring mail
rPois   inf          f - +0 helmet
rElec   +            (no cloak)
rCorr   .            (no gloves)
SInv    .            (no boots)
Will    .....        (no amulet)
Stlth   +            g - +6 ring of dexterity
HPRegen 0.25/turn    (no ring)
MPRegen 0.10/turn

%: no passive effects
@: no status effects
A: sickness immunity, AC +4, negative energy resistance 1, electricity
resistance, torment resistance 1, petrification resistance
a: no special abilities


You were on level 3 of the Dungeon.
You visited 1 branch of the dungeon, and saw 4 of its levels.

You collected 172 gold pieces.


Innate Abilities, Weirdness & Mutations

You are immune to sickness and miasma.
Your stone body is resilient. (AC +4)
You are immune to poison.
You resist negative energy. (rN+)
You are resistant to electric shocks. (rElec)
You are resistant to unholy torment.
You are immune to petrification.


   Skills:
 - Level 2.0 Fighting
 + Level 4.6 Ranged Weapons
 - Level 4.4 Armour
 - Level 1.5 Dodging
 - Level 1.0 Spellcasting
 - Level 2.6 Hexes


You had 6 spell levels left.
You knew the following spells:

 Your Spells              Type           Power      Damage    Failure   Level
a - Slow                  Hex            32%        N/A       19%         1

Your spell library contained the following spells:

 Spells                   Type           Power      Damage    Failure   Level
 Inner Flame              Hex/Fire       4%         N/A       69%         3
 Portal Projectile        Hex/Tloc       8%         N/A       69%         3
 Cause Fear               Hex            4%         N/A       88%         4

Inventory:

Hand Weapons
 Y - a +1 sling (weapon)
Armour
 a - a +0 ring mail (worn)
 f - a +0 helmet (worn)
Jewellery
 g - a +6 ring of dexterity (left hand)
Scrolls
 e - a scroll of identify
Potions
 d - a potion of brilliance {unknown}

Dungeon Overview and Level Annotations

Branches:
Dungeon (4/15)
 Temple: D:4-7

Altars:
Dithmenos
Fedhas


Message History

The endoplasm is moderately wounded.
You hear an angry hiss.
An iguana comes into view.
The endoplasm jiggles.
You shoot a sling bullet. The sling bullet hits the iguana.
The iguana is moderately wounded.
You shoot a sling bullet.
The sling bullet hits the iguana but does no damage.
The iguana is moderately wounded.
The iguana bites you! The endoplasm freezes you.
You are frozen.
The iguana bites you but does no damage.
2299 ||| STAIRDANCE The endoplasm freezes you.
You are frozen.
The iguana closely misses you.
You climb upwards.
There is a stone staircase leading down here.
You shoot a sling bullet.
The sling bullet hits the iguana but does no damage.
The iguana is moderately wounded.
The endoplasm freezes you.
You are frozen.
The iguana barely misses you.
You shoot a sling bullet.
The sling bullet hits the iguana but does no damage.
The iguana is moderately wounded.
The endoplasm freezes you.
You are frozen.
The iguana bites you!
You shoot a sling bullet. The sling bullet hits the iguana.
The iguana is heavily wounded.
The endoplasm freezes you.
You are frozen.
The iguana bites you but does no damage.
You shoot a sling bullet. The sling bullet hits the iguana.
The iguana is heavily wounded.
The endoplasm hits you but does no damage.
The iguana bites you but does no damage.
The endoplasm freezes you.
You are frozen.
The iguana bites you!
You die...

#.#...#..#..#
#.#.#.#
#.#...##.#..#
#.#.#.#
#.#...##.#..#
#.#.#.#
#.######.#..#
#.#.#.# #.# #.#..#
#.#.#.# ########.#
#.#..# #.#.#.#
.........# #.#..#
#.#.#.#
###############.(..#
#...#.#
...........[...l@.##
#####.#
#################J#
#.# ........#
#.......### #.#
#######.#
#.........# #)# #.#
#########.# #.# #.#
#.# #.# #######.#
#.# #.# ........#
#.# #.# .########
#.# #.#


You could see an iguana and an endoplasm.

Vanquished Creatures
  Sigmund (D:3)
  An orc wizard (D:3)
  5 adders
  A worm (D:2)
  3 dart slugs
  2 orcs (D:3)
  11 endoplasms
  2 giant cockroaches
  A hobgoblin (D:2)
  2 jackals (D:3)
  6 kobolds
  A quokka (D:3)
  3 ball pythons
  5 bats
  6 frilled lizards
  10 goblins
  4 rats
64 creatures vanquished.

Notes
Turn   | Place    | Note
-------+----------+-------------------------------------------
     0 | D:1      | qw the Gargoyle Hexslinger began the quest for the Orb.
     0 | D:1      | Reached XP level 1. HP: 12/12 MP: 2/2
     0 | D:1      | 0 ||| qw: Version: 0.3-a-52-g30416fa
     0 | D:1      | 0 ||| qw: Game counter: 7762
     0 | D:1      | 0 ||| qw: Melee chars always use a shield: true
     0 | D:1      | 0 ||| qw: God list: Okawaru
     0 | D:1      | 0 ||| qw: Allow faded altars: false
     0 | D:1      | 0 ||| qw: Do Orc after clearing Dungeon:15 true
     0 | D:1      | 0 ||| qw: Do second Lair branch before Depths: true
     0 | D:1      | 0 ||| qw: Lair rune preference: random
     0 | D:1      | 0 ||| qw: Goals: Normal
     0 | D:1      | 0 ||| PLANNING D:1-11
    28 | D:1      | 28 ||| FLEEEEING.
    29 | D:1      | 29 ||| FLEEEEING.
    41 | D:1      | 41 ||| FLEEEEING.
    68 | D:1      | Reached XP level 2. HP: 16/16 MP: 3/3
   223 | D:1      | Reached skill level 3 in Ranged Weapons
   609 | D:1      | 609 ||| READING 2 scrolls labelled VEUSTR EMNYNYRGH.
   610 | D:1      | 610 ||| READING scroll labelled DIDIHOUNTEA.
   611 | D:1      | 611 ||| READING scroll labelled POVVE MOVA.
   612 | D:1      | 612 ||| READING scroll labelled MEPIX KEADU.
   615 | D:1      | 615 ||| DROPPING scroll of fog.
   616 | D:1      | 616 ||| DROPPING scroll of poison.
   642 | D:2      | Reached XP level 3. HP: 21/21 MP: 4/4
   809 | D:2      | Found a blossoming altar of Fedhas.
   851 | D:2      | Reached XP level 4. HP: 26/26 MP: 5/5
  1116 | D:2      | 1116 ||| UPGRADING to +0 ring mail.
  1126 | D:2      | 1126 ||| DROPPING +0 robe.
  1127 | D:2      | 1127 ||| UPGRADING to +0 helmet.
  1132 | D:2      | 1132 ||| UPGRADING to +6 ring of dexterity.
  1133 | D:2      | 1133 ||| READING 3 scrolls labelled GYOJEIRAEW.
  1134 | D:2      | 1134 ||| DROPPING 2 scrolls of revelation.
  1300 | D:3      | Noticed Sigmund
  1316 | D:3      | 1316 ||| FLEEEEING.
  1317 | D:3      | 1317 ||| FLEEEEING.
  1323 | D:3      | Killed Sigmund
  1324 | D:3      | Reached XP level 5. HP: 11/30 MP: 6/6
  1324 | D:3      | Reached XP level 6. HP: 13/35 MP: 7/7
  1543 | D:3      | 1543 ||| Stepping ~*~*~tactically~*~*~ (outnumbered).
  1554 | D:3      | HP: 7/35 [orc/+0 flail of distortion (5)]
  1575 | D:3      | HP: 8/35 [something (1)]
  1584 | D:3      | HP: 1/35 [orc wizard/magic dart (9)]
  1791 | D:3      | Found a shadowy altar of Dithmenos.
  2251 | D:3      | 2251 ||| READING scroll labelled GERAOL ADIEQ.
  2252 | D:3      | 2252 ||| READING 2 scrolls of identify.
  2252 | D:3      | 2252 ||| IDENTIFYING viscous coppery potion
  2253 | D:3      | 2253 ||| DROPPING potion of degeneration.
  2299 | D:4      | 2299 ||| STAIRDANCE
  2302 | D:3      | HP: 6/35 [iguana (9)]
  2304 | D:3      | HP: 2/35 [frozen (4)]
  2304 | D:3      | Mangled by an iguana

Levels and vault maps discovered:
D:1:      ldierk_walled_garden, layout_basic
D:2:      layout_basic, basic_altar, patterned_corridor
D:3:      layout_basic, overflow_temple_1_default, uniq_sigmund
D:4:      layout_rooms, kiku_gazebo_garden_becter, makhleb_altar_promises_db,
          amcnicky_altar_gilded, minmay_temple_entry_junction, uniq_ijyb,
          uniq_eustachio

Skill      XL: |  1  2  3  4 |
---------------+-------------+-----
Ranged Weapons | 3 4 |  4.6
Fighting       | 2 |  2.0
Armour         | 4 |  4.4
Dodging        | |  1.5
Spellcasting   | |  1.0
Hexes          | |  2.6

Action                     |  1- 3 |  4- 6 || total
---------------------------+-------+-------++-------
   Fire: Sling             |    96 |   135 ||   231
    Use: Scroll            |     4 |     3 ||     7
 Armour: Robe              |    19 |       ||    19
         Ring mail         |       |    60 ||    60
  Dodge: Dodged            |    18 |    74 ||    92

Table legend:
 A = Non-vault XP
 B = Vault XP
 C = Vault XP percentage of total XP
 D = Non-vault monster count
 E = Vault monster count
 F = Vault count percentage of total count
                 A         B        C        D         E       F
            +---------+---------+-------+---------+---------+-------
      Total |     207 |     226 |  52.2 |      63 |       1 |   1.6
            +---------+---------+-------+---------+---------+-------
        D:1 |      32 |       0 |   0.0 |      18 |       0 |   0.0
        D:2 |      79 |       0 |   0.0 |      24 |       0 |   0.0
        D:3 |      96 |     226 |  70.2 |      21 |       1 |   4.5
            +---------+---------+-------+---------+---------+-------
